 Dungeon Crawl Stone Soup version 0.28-a0-533-g9f97627e2a (webtiles) character file.

Game seed: 4020173493745923494

54 Gargoyl the Skirmisher (level 3, 0/35 HPs)
             Began as a Gnoll Abyssal Knight on Sept 26, 2021.
             Was a Follower of Lugonu.
             Killed by divine providence
             ... invoked by an orc priest
              (15 damage)
             ... on level 3 of the Dungeon.
             The game lasted 00:02:13 (2196 turns).

Gargoyl the Skirmisher (Gnoll Abyssal Knight)       Turns: 2196, Time: 00:02:14

Health: 0/35       AC: 12    Str: 13    XL:     3   Next: 91%
Magic:  6/6        EV:  4    Int:  9    God:    Lugonu [*.....]
Gold:   12         SH:  0    Dex: 12    Spells: 4/4 levels left

rFire   + . .      SeeInvis .   a - +1 hand axe
rCold   . . .      Faith    .   (no shield)
rNeg    . . .      Spirit   .   c - +0 plate armour {rF+}
rPois   .          Reflect  .   (no helmet)
rElec   .          Harm     .   (no cloak)
rCorr   .          Rampage  .   (no gloves)
Will    .....                   (no boots)
Stlth   ..........              (no amulet)
HPRegen 0.11/turn               (no ring)
MPRegen 0.10/turn               (no ring)

@: no status effects
A: fangs 1, strong nose, distributed training
a: Renounce Religion, Depart the Abyss


You were on level 3 of the Dungeon.
You worshipped Lugonu.
Lugonu was aware of your devotion.
You visited 1 branch of the dungeon, and saw 3 of its levels.
You visited the Abyss 1 time.

You collected 97 gold pieces.
You spent 85 gold pieces at shops.

Inventory:

Hand Weapons
 a - a +1 hand axe (weapon)
Missiles
 j - 17 poisoned darts (quivered)
Armour
 b - a +0 leather armour
 c - a +0 plate armour of fire resistance (worn)
Potions
 f - a potion of might
 g - 2 potions of curing
 h - a potion of haste {unknown}
 i - 3 potions of mutation {unknown}


   Skills:
 + Level 6.5 Fighting
 + Level 1.0 Short Blades
 + Level 1.0 Long Blades
 + Level 4.6 Axes
 + Level 1.0 Maces & Flails
 + Level 1.0 Polearms
 + Level 1.0 Staves
 + Level 1.0 Slings
 + Level 1.0 Bows
 + Level 1.0 Crossbows
 + Level 1.0 Throwing
 + Level 4.6 Armour
 + Level 2.6 Dodging
 + Level 1.0 Stealth
 + Level 1.0 Shields
 + Level 1.0 Unarmed Combat
 + Level 1.0 Spellcasting
 + Level 0.7 Conjurations
 + Level 0.7 Hexes
 + Level 0.7 Summonings
 + Level 0.7 Necromancy
 + Level 0.7 Translocations
 + Level 0.7 Transmutations
 + Level 0.7 Fire Magic
 + Level 0.7 Ice Magic
 + Level 0.7 Air Magic
 + Level 0.7 Earth Magic
 + Level 0.7 Poison Magic
 + Level 4.6 Invocations
 + Level 1.0 Evocations


You had 4 spell levels left.
You didn't know any spells.
Your spell library contained the following spells:

 Spells                   Type           Power      Damage    Failure   Level
 Ozocubu's Armour         Ice            1%         N/A       100%        3
 Ozocubu's Refrigeration  Ice            0%         4d5       100%        7


Dungeon Overview and Level Annotations

Branches:
Dungeon (3/15)

Altars:

Shops:
D:1 [   D:3 *


Innate Abilities, Weirdness & Mutations

You have very sharp teeth.
Your uncanny sense of smell can sniff out nearby items.
Your experience applies equally to all skills.


Message History

There are monsters nearby!
An orc priest comes into view. It is wielding a +0 hand axe.
You hit the orc.
The orc is heavily wounded.
The orc hits you with a +0 hand axe.
You closely miss the orc.
The orc is heavily wounded.
The orc hits you but does no damage.
Unknown command.
Your plate armour prevents you from hitting the orc.
The orc is heavily wounded.
The orc hits you but does no damage.
You slash the orc!
You kill the orc!
Lugonu accepts your kill.
Your plate armour prevents you from hitting the orc.
The orc hits you with a +0 whip.
Unknown command.
The orc hits you but does no damage.
The orc priest calls down the wrath of Beogh upon you.
Pain shoots through your body!
Things that are here:
a +0 hand axe; an orc corpse Unknown command.
You hit the orc priest.
The orc priest is moderately wounded.
You slash the orc!
You kill the orc!
Lugonu accepts your kill. The orc priest completely misses you.
You barely miss the orc priest. Your bite misses the orc priest.
The orc priest is moderately wounded.
The orc priest hits you but does no damage.
Unknown command.
You hit the orc priest. Your bite misses the orc priest.
The orc priest is moderately wounded.
The orc priest hits you with a +0 hand axe.
The orc priest mumbles some strange prayers to Beogh against you.
Beogh smites you!
You die...

######.#..# ##.##
...#..∩...###.#.######
.....#.#.....###.....#
.......#..###.#.####.#
#.†...##..###...##
.............###.#
..........###.#.##
#.........>....#####..#
#..#####.....#..@o....#
#..# #.....###)####.#
#..# #<....# #.# #..#
##...## #.# >..## ##.##
#.# .#..######.# #.#
###........# #.#
....#####..# #.#
....#####..#


You could see an orc priest.

Vanquished Creatures
  An adder (D:2)
  A worm (D:2)
  6 orcs
  4 endoplasms (D:1)
  3 giant cockroaches
  A goblin (D:2)
  4 hobgoblins
  4 quokkas
  2 ball pythons (D:2)
  2 bats
  A frilled lizard (D:1)
  A kobold (D:2)
  3 rats
33 creatures vanquished.

Notes
Turn   | Place    | Note
-------+----------+-------------------------------------------
     0 | Abyss:1  | Gargoyl the Gnoll Abyssal Knight began the quest for the
                  | Orb.
     0 | Abyss:1  | Reached XP level 1. HP: 23/23 MP: 3/3
    66 | Abyss:2  | Noticed a ynoxinul
    68 | D:1      | Escaped the Abyss
   161 | D:1      | Found Dod Gegh's Antique Armour Shoppe.
   358 | D:1      | Reached XP level 2. HP: 29/29 MP: 5/5
  1140 | D:2      | Reached * piety under Lugonu
  1230 | D:2      | Reached XP level 3. HP: 33/35 MP: 6/6
  2127 | D:3      | Found Poheej's Assorted Antiques.
  2140 | D:3      | Bought a scratched peridot ring for 85 gold pieces
  2164 | D:3      | Reached skill level 1 in Short Blades
  2164 | D:3      | Reached skill level 1 in Long Blades
  2164 | D:3      | Reached skill level 1 in Maces & Flails
  2164 | D:3      | Reached skill level 1 in Polearms
  2164 | D:3      | Reached skill level 1 in Staves
  2164 | D:3      | Reached skill level 1 in Slings
  2164 | D:3      | Reached skill level 1 in Bows
  2164 | D:3      | Reached skill level 1 in Crossbows
  2164 | D:3      | Reached skill level 1 in Throwing
  2164 | D:3      | Reached skill level 1 in Stealth
  2164 | D:3      | Reached skill level 1 in Shields
  2164 | D:3      | Reached skill level 1 in Unarmed Combat
  2164 | D:3      | Reached skill level 1 in Spellcasting
  2164 | D:3      | Reached skill level 1 in Evocations
  2196 | D:3      | Killed from afar by an orc priest

Illustrated notes

Levels and vault maps discovered:
D:1:      lightli_arrival_isolated_outpost, layout_loops_ring, serial_shops,
          shop
D:2:      layout_basic, serial_bayou_pond_c
D:3:      layout_loops_ring, mainiacjoe_overflow_six_doors_small,
          amcnicky_altar_gilded, gammafunk_temple_overflow_elements,
          mainiacjoe_overflow_big_doors, serial_shops, nicolae_shop_crystal

Skill      XL: |  1  2  3 |
---------------+----------+-----
Short Blades   | 1 |  1.0
Long Blades    | 1 |  1.0
Maces & Flails | 1 |  1.0
Polearms       | 1 |  1.0
Staves         | 1 |  1.0
Slings         | 1 |  1.0
Bows           | 1 |  1.0
Crossbows      | 1 |  1.0
Throwing       | 1 |  1.0
Stealth        | 1 |  1.0
Shields        | 1 |  1.0
Unarmed Combat | 1 |  1.0
Spellcasting   | 1 |  1.0
Evocations     | 1 |  1.0
Fighting       | |  6.5
Axes           | |  4.6
Armour         | |  4.6
Dodging        | |  2.6
Conjurations   | |  0.7
Hexes          | |  0.7
Summonings     | |  0.7
Necromancy     | |  0.7
Translocations | |  0.7
Transmutations | |  0.7
Fire Magic     | |  0.7
Ice Magic      | |  0.7
Air Magic      | |  0.7
Earth Magic    | |  0.7
Poison Magic   | |  0.7
Invocations    | |  4.6

Action                   || total
-------------------------++-------
Melee: Hand axe          ||   114
       Bite              ||     9
Invok: Depart the Abyss  ||     1
  Use: Scroll            ||     4
       Potion            ||     1
Armor: Plate armour      ||    89
Dodge: Dodged            ||    22

Table legend: (Time is in decaauts)
 A = Elapsed time spent in this place.
 B = Non-inter-level travel time spent in this place.
 C = Inter-level travel time spent in this place.
 D = Time resting spent in this place.
 E = Time spent auto-exploring this place.
 F = Levels seen in this place.
 G = Mean time per level.
                   A        B        C        D        E       F      G
               +--------+--------+--------+--------+--------+-----+--------+
         Total |   2226 |   2170 |     56 |      0 |   1779 |   5 |  445.2 |
       Dungeon |   2148 |   2092 |     56 |      0 |   1747 |   3 |  716.0 |
         Abyss |     78 |     78 |      0 |      0 |     32 |   2 |   39.0 |
               +--------+--------+--------+--------+--------+-----+--------+

Top non-repeatable levels by time:
     D:2: 1028 daAuts
     D:1: 1018 daAuts
     D:3: 101 daAuts
 Abyss:2: 71 daAuts
 Abyss:1: 6 daAuts
